 Dungeon Crawl Stone Soup version 0.29-a0-321-gf1c400731a (webtiles) character file.

Game seed: 12007535081105764308

4 siradein the Caller (level 1, 0/14 HPs)
             Began as a Merfolk Summoner on Apr 4, 2022.
             Slain by a rat (1 damage)
             ... on level 1 of the Dungeon.
             The game lasted 00:00:50 (218 turns).

siradein the Caller (Merfolk Summoner)               Turns: 218, Time: 00:00:51

Health: 0/14       AC:  2    Str:  8    XL:     1   Next: 60%
Magic:  2/3        EV: 12    Int: 14    God:
Gold:   0          SH:  0    Dex: 14    Spells: 3/4 levels left

rFire   . . .      SeeInvis .   (no weapon)
rCold   . . .      Faith    .   (no shield)
rNeg    . . .      Spirit   .   a - +0 robe
rPois   .          Reflect  .   (no helmet)
rElec   .          Harm     .   (no cloak)
rCorr   .          Rampage  .   (no gloves)
Will    .....                   (no boots)
Stlth   ++........              (no amulet)
HPRegen 0.04/turn               (no ring)
MPRegen 0.08/turn               (no ring)

@: no status effects
A: (nimble swimmer 2), mertail
a: no special abilities


You were on level 1 of the Dungeon.
You visited 1 branch of the dungeon, and saw 1 of its levels.

Inventory:

Armour
 a - a +0 robe (worn)
Potions
 b - a potion of magic


   Skills:
 + Level 0.3 Fighting
 + Level 2.8 Dodging
 - Level 2.1 Stealth
 + Level 2.0 Spellcasting
 + Level 4.0 Summonings


You had 3 spell levels left.
You knew the following spells:

 Your Spells              Type           Power      Damage    Failure   Level
a - Summon Small Mammal   Summ           48%        N/A       4%          1

Your spell library contained the following spells:

 Spells                   Type           Power      Damage    Failure   Level
 Call Imp                 Summ           12%        N/A       7%          2
 Call Canine Familiar     Summ           12%        N/A       14%         3
 Summon Guardian Golem    Hex/Summ       7%         N/A       30%         3
 Summon Lightning Spire   Summ/Air       7%         N/A       71%         4


Dungeon Overview and Level Annotations

Branches:
Dungeon (1/15)

Altars:


Innate Abilities, Weirdness & Mutations

((You are very nimble when in or above water. (Stealth+, EV+, Speed+++)))
Your lower body shifts to a powerful aquatic tail in water.


Message History

The jackal misses you. The bat barely misses your bat. The rat misses your bat.
Your bat misses the rat.
Your rat barely misses the jackal.
You barely miss the jackal.
The jackal is almost dead.
Your bat barely misses the bat.
The bat barely misses your bat.
The jackal bites you but does no damage.
The bat closely misses you.
Your rat bites the jackal but does no damage.
Unknown command.
You closely miss the jackal.
The jackal is almost dead.
The bat barely misses you.
Your bat closely misses the bat.
The jackal closely misses you.
Your rat bites the jackal but does no damage.
Unknown command.
You closely miss the jackal.
The jackal is almost dead.
The jackal misses you. The jackal closely misses you.
Your bat hits the bat. The rat barely misses you.
Your rat bites the jackal.
The jackal dies!
You hit the rat.
The rat is heavily wounded.
Your bat closely misses the bat.
The bat hits you but does no damage. The rat closely misses you.
Your bat hits the bat but does no damage.
Unknown command.
You hit the rat but do no damage.
Your bat hits the bat but does no damage.
The bat closely misses your rat.
Your bat hits the bat but does no damage.
The rat barely misses you.
You barely miss the rat.
Your bat completely misses the bat.
The bat barely misses your rat. The rat closely misses you.
You closely miss the rat. The bat closely misses your rat.
Your bat closely misses the bat.
The bat completely misses your bat.
Your bat hits the bat. The rat bites you but does no damage.
The bat hits your bat but does no damage.
Your rat barely misses the bat.
You barely miss the rat. Your bat misses the bat. The rat bites you.
You die...

..#..#.#..#. ...
####.##..#..##... . #.
#...#.#..#......#..##..
#.###.##.#.#..##...#...
. #.#.#..#...#..#....#
..##.##......##....r#
...#
##.#...#.........## ###
#.#...#..#..##r!..##
..#..#...#..@†.b.....
###.##......#.r.......
#...#....##....##...
#.##....#....#...# .
##...##......#.....
#### #############


You could see a rat (ally target), a friendly bat (summoned) and a friendly rat
(summoned).

Vanquished Creatures
  A frilled lizard (D:1)
1 creature vanquished.

Vanquished Creatures (collateral kills)
  2 jackals (D:1)
  A ball python (D:1)
3 creatures vanquished.

Grand Total: 4 creatures vanquished

Notes
Turn   | Place    | Note
-------+----------+-------------------------------------------
     0 | D:1      | siradein the Merfolk Summoner began the quest for the Orb.
     0 | D:1      | Reached XP level 1. HP: 13/13 MP: 3/3
   218 | D:1      | Slain by a rat

Illustrated notes

Levels and vault maps discovered:
D:1:      erik_arrival_cave_to_civilisation [erik_arrival_cave_to_hall],
          layout_basic, dreamdust_ecumenical_altar_angels_and_demons,
          serial_shops, shop_fountains, interstate_on_off,
          chequers_serial_rivers_small_b

Action                   || total
-------------------------++-------
Melee: Unarmed           ||    26
 Cast: Summon Small Mamm ||     5
Armor: Robe              ||    11
Dodge: Dodged            ||    30

Table legend: (Time is in decaauts)
 A = Elapsed time spent in this place.
 B = Non-inter-level travel time spent in this place.
 C = Inter-level travel time spent in this place.
 D = Time resting spent in this place.
 E = Time spent auto-exploring this place.
 F = Levels seen in this place.
 G = Mean time per level.
                   A        B        C        D        E       F      G
               +--------+--------+--------+--------+--------+-----+--------+
         Total |    218 |    218 |      0 |      0 |    166 |   1 |  218.0 |
       Dungeon |    218 |    218 |      0 |      0 |    166 |   1 |  218.0 |
               +--------+--------+--------+--------+--------+-----+--------+

Top non-repeatable levels by time:
     D:1: 218 daAuts
